Workbook
Name Bicycle_Rental: 'Concierge Services'!$B$4
Name Cleaning_fee: 'P&L'!$H$6
Name Housekeeping: 'Concierge Services'!$B$5
Name Onsite_utilities: 'P&L'!$H$7
Name Onsite_visits_and_follow_up: 'P&L'!$H$9
Name Personal_Shopper: 'Concierge Services'!$B$6
Name Registration_and_local_fees: 'P&L'!$H$5
Name Replenishment_of_supplies: 'P&L'!$H$8
Name Theater_Reservations: 'Concierge Services'!$B$7

Sheet Complaints
A2: PVR Complaint Calls
A4: Month | B4: Complaints Handled
A5: 44562 | B5: 10
A6: 44593 | B6: 12
A7: 44621 | B7: 8
A8: 44652 | B8: 7
A9: 44682 | B9: 4
A10: 44713 | B10: 8
A11: 44743 | B11: 10
A12: 44774 | B12: 12
A13: 44805 | B13: 5
A14: 44835 | B14: 9
A15: 44866 | B15: 10
A16: 44896 | B16: 12
... A28: 45261 | B28: 16

Sheet Arrays
A1: Perfect Rentals
A2: Recommended Start-Up Items for New Property
A3: Code | B3: Item | C3: Cost | D3: Required | E3: Preferred | G3: Total at Required Level | H3: Total at Preferred Level
A4: PR001 | B4: Night lights | C4: 1.99 | D4: 3 | E4: 3
A5: PR002 | B5: Towels, sets | C5: 25 | D5: 2 | E5: 4
A6: PR003 | B6: Folding chair | C6: 25 | D6: 2 | E6: 4
A7: PR004 | B7: Portable table/tray | C7: 30 | D7: 1 | E7: 2
A8: PR005 | B8: Bed sheets, sets | C8: 45 | D8: 1 | E8: 2
A9: PR006 | B9: Drinking glasses | C9: 15 | D9: 4 | E9: 8
A10: PR007 | B10: Utensils, sets | C10: 50 | D10: 4 | E10: 8
A11: PR008 | B11: Step stool | C11: 35 | D11: 1 | E11: 1
A12: PR009 | B12: Coffee mugs | C12: 15 | D12: 4 | E12: 8
A13: PR010 | B13: Dinners plates | C13: 15 | D13: 4 | E13: 8
A14: PR011 | B14: Wine glasses | C14: 20 | D14: 4 | E14: 8

Sheet Concierge Services
B1: Perfect Vacation Rentals
B2: Concierge Service Analysis
A3: Concierge Service | B3: Times Used | C3: Average Fee | D3: Total Fees
A4: Bicycle Rental | B4: 130 | C4: 35 | D4: =B4*C4 -> 4550
A5: Housekeeping | B5: 124 | C5: 75 | D5: =B5*C5 -> 9300
A6: Personal Shopper | B6: 150 | C6: 55 | D6: =B6*C6 -> 8250
A7: Theater Reservations | B7: 180 | C7: 18 | D7: =B7*C7 -> 3240
A8: Totals | B8: =SUM(B4:B7) -> 584 | D8: =SUM(D4:D7) -> 25340

Sheet P&L
A1: Perfect Vacation Rentals
A2: Profit and Loss Statement, June through August
L3: Total Expenses | M3: Net Income
A4: Rental Revenue by State | B4: June | C4: July | D4: August | E4: Total | G4: Variable Cost | H4: Rate
A5: Illinois | B5: =SUM('Rental Income'!G5:G6) -> 14315 | C5: =SUM('Rental Income'!H5:H6) -> 13160 | D5: =SUM('Rental Income'!I5:I6) -> 15610 | E5: =SUM(B5:D5) -> 43085 | G5: Registration and local fees | H5: 0.0525
A6: Indiana | B6: =SUM('Rental Income'!G7:G9) -> 16800 | C6: =SUM('Rental Income'!H7:H9) -> 18255 | D6: =SUM('Rental Income'!I7:I9) -> 17225 | E6: =SUM(B6:D6) -> 52280 | G6: Cleaning fee | H6: 0.1 | J6: Possible Total Revenue Levels | K6: 150000
A7: Kentucky | B7: =SUM('Rental Income'!G10:G12) -> 16385 | C7: =SUM('Rental Income'!H10:H12) -> 21265 | D7: =SUM('Rental Income'!I10:I12) -> 23280 | E7: =SUM(B7:D7) -> 60930 | G7: Onsite utilities | H7: 0.08 | K7: 200000
A8: Michigan | B8: =SUM('Rental Income'!G13:G16) -> 41625 | C8: =SUM('Rental Income'!H13:H16) -> 35235 | D8: =SUM('Rental Income'!I13:I16) -> 45400 | E8: =SUM(B8:D8) -> 122260 | G8: Replenishment of supplies | H8: 0.08 | K8: 250000
A9: Minnesota | B9: =SUM('Rental Income'!G17:G21) -> 37655 | C9: =SUM('Rental Income'!H17:H21) -> 28095 | D9: =SUM('Rental Income'!I17:I21) -> 37195 | E9: =SUM(B9:D9) -> 102945 | G9: Onsite visits and follow-up | H9: 0.12 | K9: 300000
A10: Missouri | B10: =SUM('Rental Income'!G22:G24) -> 21940 | C10: =SUM('Rental Income'!H22:H24) -> 30105 | D10: =SUM('Rental Income'!I22:I24) -> 30310 | E10: =SUM(B10:D10) -> 82355 | K10: 350000
A11: Tennessee | B11: =SUM('Rental Income'!G25:G27) -> 15275 | C11: =SUM('Rental Income'!H25:H27) -> 14395 | D11: =SUM('Rental Income'!I25:I27) -> 25165 | E11: =SUM(B11:D11) -> 54835 | K11: 400000
A12: Wisconsin | B12: =SUM('Rental Income'!G28:G30) -> 18000 | C12: =SUM('Rental Income'!H28:H30) -> 15585 | D12: =SUM('Rental Income'!I28:I30) -> 16260 | E12: =SUM(B12:D12) -> 49845 | K12: 450000
A13: Total Revenue | B13: =SUM(B5:B12) -> 181995 | C13: =SUM(C5:C12) -> 176095 | D13: =SUM(D5:D12) -> 210445 | E13: =SUM(E5:E12) -> 568535 | K13: 500000
K14: 550000
K15: 600000
A16: Operation and Fixed Expenses | K16: 650000
A17: Registration and local fees | B17: =B$13*$H5 -> 9554.7375 | C17: =C$13*$H5 -> 9244.9875 | D17: =D$13*$H5 -> 11048.362 | E17: =SUM(B17:D17) -> 29848.087
A18: Cleaning fee | B18: =B$13*$H6 -> 18199.5 | C18: =C$13*$H6 -> 17609.5 | D18: =D$13*$H6 -> 21044.5 | E18: =SUM(B18:D18) -> 56853.5 | L18: Possible Total Expense Levels
A19: Onsite utilities | B19: =B$13*$H7 -> 14559.6 | C19: =C$13*$H7 -> 14087.6 | D19: =D$13*$H7 -> 16835.6 | E19: =SUM(B19:D19) -> 45482.8 | L19: 100000 | M19: 125000 | N19: 150000 | O19: 175000 | P19: 200000 | Q19: 225000 | R19: 250000 | S19: 275000
A20: Replenishment of supplies | B20: =B$13*$H8 -> 14559.6 | C20: =C$13*$H8 -> 14087.6 | D20: =D$13*$H8 -> 16835.6 | E20: =SUM(B20:D20) -> 45482.8 | J20: Possible Total Revenue Levels | K20: 150000
A21: Onsite visits and follow-up | B21: =B$13*$H9 -> 21839.4 | C21: =C$13*$H9 -> 21131.4 | D21: =D$13*$H9 -> 25253.4 | E21: =SUM(B21:D21) -> 68224.2 | K21: 200000
A22: Salaries and wages | B22: 6000 | C22: 6000 | D22: 6000 | E22: =SUM(B22:D22) -> 18000 | K22: 250000
A23: Payroll taxes | B23: 895 | C23: 895 | D23: 895 | E23: =SUM(B23:D23) -> 2685 | K23: 300000
A24: Web hosting and marketing | B24: 350 | C24: 350 | D24: 350 | E24: =SUM(B24:D24) -> 1050 | K24: 350000
A25: Accounting and legal services | B25: 200 | C25: 200 | D25: 200 | E25: =SUM(B25:D25) -> 600 | K25: 400000
A26: Office rent | B26: 1500 | C26: 1500 | D26: 1500 | E26: =SUM(B26:D26) -> 4500 | K26: 450000
A27: Office utilities | B27: 250 | C27: 250 | D27: 250 | E27: =SUM(B27:D27) -> 750 | K27: 500000
A28: Insurance | B28: 350 | C28: 350 | D28: 350 | E28: =SUM(B28:D28) -> 1050 | K28: 550000
A29: Real estate taxes | B29: 20000 | C29: 20000 | D29: 20000 | E29: =SUM(B29:D29) -> 60000 | K29: 600000
A30: Total Expenses | B30: =SUM(B17:B29) -> 108257.84 | C30: =SUM(C17:C29) -> 105706.09 | D30: =SUM(D17:D29) -> 120562.46 | E30: =SUM(E17:E29) -> 334526.39 | K30: 650000
K31: 700000
A32: Income Before Taxes | B32: =B13-B30 -> 73737.163 | C32: =C13-C30 -> 70388.913 | D32: =D13-D30 -> 89882.538 | E32: =E13-E30 -> 234008.61 | K32: 750000
A33: Profit Margin | B33: =B32/B13 -> 0.40516038 | C33: =C32/C13 -> 0.39972124 | D33: =D32/D13 -> 0.42710702 | E33: =E32/E13 -> 0.41159931

Sheet Rates
A1: Perfect Vacation Rentals
A2: Published Daily Rate
A4: Rental Name | B4: Location | C4: State | D4: Rate | F4: Rate - Median | G4: Average Difference
A5: Hilltop GetAway | B5: Galena | C5: IL | D5: 245
A6: Treetop Cabin | B6: Galena | C6: IL | D6: 350
A7: Chalet Soleil | B7: Bass Lake | C7: IN | D7: 245
A8: Serenity Suite | B8: Bass Lake | C8: IN | D8: 195
A9: Lakeside Cottage | B9: Beverly Shores | C9: IN | D9: 275
A10: Jack's Home | B10: Bardstown | C10: KY | D10: 250
A11: Our Stable | B11: Lexington | C11: KY | D11: 450
A12: Hilltop Vista | B12: Louisville | C12: KY | D12: 385
A13: Lakeview 2 | B13: Buchanan | C13: MI | D13: 450
A14: Lakeview 3 | B14: New Buffalo | C14: MI | D14: 425
A15: Seaside Villa | B15: New Buffalo | C15: MI | D15: 400
A16: Lakeview 1 | B16: Sawyer | C16: MI | D16: 365
... A30: Garden Suite | B30: Lake Geneva | C30: WI | D30: 325
C36: Median Rent | D36: =MEDIAN(D5:D30) -> 300
C37: Number of Properties | D37: =COUNT(D5:D30) -> 26
C38: Most Common Rent Amount | D38: =_xlfn.MODE.SNGL(D5:D30) -> 450

Sheet Rental Income
A1: Perfect Vacation Rentals
A2: Rental Income by Property
A4: Rental Name | B4: Location | C4: State | D4: June | E4: July | F4: August | G4: June Income | H4: July Income | I4: August Income
A5: Hilltop GetAway | B5: Galena | C5: IL | D5: 27 | E5: 28 | F5: 28 | G5: =D5*Rates!$D5 -> 6615 | H5: =E5*Rates!$D5 -> 6860 | I5: =F5*Rates!$D5 -> 6860
A6: Treetop Cabin | B6: Galena | C6: IL | D6: 22 | E6: 18 | F6: 25 | G6: =D6*Rates!D6 -> 7700 | H6: =E6*Rates!$D6 -> 6300 | I6: =F6*Rates!$D6 -> 8750
A7: Chalet Soleil | B7: Bass Lake | C7: IN | D7: 20 | E7: 31 | F7: 18 | G7: =D7*Rates!D7 -> 4900 | H7: =E7*Rates!$D7 -> 7595 | I7: =F7*Rates!$D7 -> 4410
A8: Serenity Suite | B8: Bass Lake | C8: IN | D8: 22 | E8: 26 | F8: 31 | G8: =D8*Rates!D9 -> 6050 | H8: =E8*Rates!$D9 -> 7150 | I8: =F8*Rates!$D9 -> 8525
A9: Lakeside Cottage | B9: Beverly Shores | C9: IN | D9: 30 | E9: 18 | F9: 22 | G9: =D9*Rates!D8 -> 5850 | H9: =E9*Rates!$D8 -> 3510 | I9: =F9*Rates!$D8 -> 4290
A10: Jack's Home | B10: Bardstown | C10: KY | D10: 15 | E10: 30 | F10: 24 | G10: =D10*Rates!D24 -> 4650 | H10: =E10*Rates!$D24 -> 9300 | I10: =F10*Rates!$D24 -> 7440
A11: Our Stable | B11: Lexington | C11: KY | D11: 21 | E11: 31 | F11: 28 | G11: =D11*Rates!D23 -> 5355 | H11: =E11*Rates!$D23 -> 7905 | I11: =F11*Rates!$D23 -> 7140
A12: Hilltop Vista | B12: Louisville | C12: KY | D12: 22 | E12: 14 | F12: 30 | G12: =D12*Rates!D22 -> 6380 | H12: =E12*Rates!$D22 -> 4060 | I12: =F12*Rates!$D22 -> 8700
A13: Lakeview 2 | B13: Buchanan | C13: MI | D13: 28 | E13: 14 | F13: 30 | G13: =D13*Rates!D11 -> 12600 | H13: =E13*Rates!$D11 -> 6300 | I13: =F13*Rates!$D11 -> 13500
A14: Lakeview 3 | B14: New Buffalo | C14: MI | D14: 25 | E14: 31 | F14: 30 | G14: =D14*Rates!D12 -> 9625 | H14: =E14*Rates!$D12 -> 11935 | I14: =F14*Rates!$D12 -> 11550
A15: Seaside Villa | B15: New Buffalo | C15: MI | D15: 27 | E15: 30 | F15: 28 | G15: =D15*Rates!D13 -> 12150 | H15: =E15*Rates!$D13 -> 13500 | I15: =F15*Rates!$D13 -> 12600
A16: Lakeview 1 | B16: Sawyer | C16: MI | D16: 29 | E16: 14 | F16: 31 | G16: =D16*Rates!D10 -> 7250 | H16: =E16*Rates!$D10 -> 3500 | I16: =F16*Rates!$D10 -> 7750
A17: Forestview Suite | B17: Cass Lake | C17: MN | D17: 25 | E17: 25 | F17: 26 | G17: =D17*Rates!D14 -> 10625 | H17: =E17*Rates!$D14 -> 10625 | I17: =F17*Rates!$D14 -> 11050
A18: Forestview Suite | B18: Cass Lake | C18: MN | D18: 29 | E18: 12 | F18: 14 | G18: =D18*Rates!D16 -> 10585 | H18: =E18*Rates!$D16 -> 4380 | I18: =F18*Rates!$D16 -> 5110
A19: Wilderness Suite | B19: Eagan | C19: MN | D19: 30 | E19: 30 | F19: 31 | G19: =D19*Rates!D18 -> 5850 | H19: =E19*Rates!$D18 -> 5850 | I19: =F19*Rates!$D18 -> 6045
A20: Our Weekend Cottage | B20: Walker | C20: MN | D20: 14 | E20: 7 | F20: 31 | G20: =D20*Rates!D15 -> 5600 | H20: =E20*Rates!$D15 -> 2800 | I20: =F20*Rates!$D15 -> 12400
A21: Our Weekend Cottage | B21: Walker | C21: MN | D21: 27 | E21: 24 | F21: 14 | G21: =D21*Rates!D17 -> 4995 | H21: =E21*Rates!$D17 -> 4440 | I21: =F21*Rates!$D17 -> 2590
A22: Lively Times | B22: Branson | C22: MO | D22: 22 | E22: 24 | F22: 18 | G22: =D22*Rates!D28 -> 7590 | H22: =E22*Rates!$D28 -> 8280 | I22: =F22*Rates!$D28 -> 6210
A23: History Past | B23: Hannibal | C23: MO | D23: 18 | E23: 21 | F23: 28 | G23: =D23*Rates!D30 -> 5850 | H23: =E23*Rates!$D30 -> 6825 | I23: =F23*Rates!$D30 -> 9100
A24: Lazy Days | B24: Lake Ozark | C24: MO | D24: 17 | E24: 30 | F24: 30 | G24: =D24*Rates!D29 -> 8500 | H24: =E24*Rates!$D29 -> 15000 | I24: =F24*Rates!$D29 -> 15000
A25: Passing Through Junction | B25: Chattanooga | C25: TN | D25: 15 | E25: 7 | F25: 31 | G25: =D25*Rates!D26 -> 4275 | H25: =E25*Rates!$D26 -> 1995 | I25: =F25*Rates!$D26 -> 8835
A26: Smoky View | B26: Gatlinburg | C26: TN | D26: 12 | E26: 12 | F26: 17 | G26: =D26*Rates!D27 -> 5400 | H26: =E26*Rates!$D27 -> 5400 | I26: =F26*Rates!$D27 -> 7650
A27: Music Haven | B27: Nashville | C27: TN | D27: 20 | E27: 25 | F27: 31 | G27: =D27*Rates!D25 -> 5600 | H27: =E27*Rates!$D25 -> 7000 | I27: =F27*Rates!$D25 -> 8680
A28: Lakeside Cabin West | B28: Delavan | C28: WI | D28: 18 | E28: 14 | F28: 18 | G28: =D28*Rates!D21 -> 5850 | H28: =E28*Rates!$D21 -> 4550 | I28: =F28*Rates!$D21 -> 5850
A29: Eastern Vista | B29: Lake Geneva | C29: WI | D29: 30 | E29: 21 | F29: 31 | G29: =D29*Rates!D19 -> 5550 | H29: =E29*Rates!$D19 -> 3885 | I29: =F29*Rates!$D19 -> 5735
A30: Garden Suite | B30: Lake Geneva | C30: WI | D30: 24 | E30: 26 | F30: 17 | G30: =D30*Rates!D20 -> 6600 | H30: =E30*Rates!$D20 -> 7150 | I30: =F30*Rates!$D20 -> 4675

Sheet Rental Info
A1: Perfect Vacation Rentals
A2: Rental Days by Property
A4: Rental Name | B4: Location | C4: State | D4: Bedrooms | E4: Baths | F4: Days Rented Last Year
A5: Hilltop GetAway | B5: Galena | C5: IL | D5: 3 | E5: 2 | F5: 289
A6: Treetop Cabin | B6: Galena | C6: IL | D6: 3 | E6: 2 | F6: 314
A7: Chalet Soleil | B7: Bass Lake | C7: IN | D7: 2 | E7: 1 | F7: 236
A8: Serenity Suite | B8: Bass Lake | C8: IN | D8: 1 | E8: 1 | F8: 293
A9: Lakeside Cottage | B9: Beverly Shores | C9: IN | D9: 2 | E9: 1 | F9: 289
A10: Jack's Home | B10: Bardstown | C10: KY | D10: 2 | E10: 1 | F10: 295
A11: Our Stable | B11: Lexington | C11: KY | D11: 4 | E11: 2 | F11: 268
A12: Hilltop Vista | B12: Louisville | C12: KY | D12: 3 | E12: 2 | F12: 226
A13: Lakeview 2 | B13: Buchanan | C13: MI | D13: 4 | E13: 3 | F13: 220
A14: Lakeview 3 | B14: New Buffalo | C14: MI | D14: 4 | E14: 2 | F14: 302
A15: Seaside Villa | B15: New Buffalo | C15: MI | D15: 4 | E15: 3 | F15: 228
A16: Lakeview 1 | B16: Sawyer | C16: MI | D16: 3 | E16: 2 | F16: 204
... A30: Garden Suite | B30: Lake Geneva | C30: WI | D30: 2 | E30: 2 | F30: 265
